 Dungeon Crawl Stone Soup version 0.32-a0-872-g59262bdc9b (webtiles) character file.

Game seed: 10911507638253709251

588 Aldia the Cutter (level 7, 0/54 HPs)
             Began as a Coglin Artificer on Mar 30, 2024.
             Slain by a phantom (2 damage)
             ... on level 5 of the Dungeon.
             The game lasted 00:05:48 (4169 turns).

Aldia the Cutter (Coglin Artificer)                 Turns: 4169, Time: 00:05:49

Health: 0/54       AC:  1    Str: 12    XL:     7   Next: 38%
Magic:  7/7        EV:  9    Int: 10    God:
Gold:   374        SH:  0    Dex: 17    Spells: 6/6 levels left

rFire   + . .        k - +1 dagger (venom) {Inés}
rCold   . . .        p - +5 whip "Qeliu" {elec, ^Fragile rElec rF+ SInv}
rNeg    . . .        o - +0 scale mail
rPois   .            (no helmet)
rElec   +            v - +0 cloak
rCorr   .            B - +0 pair of gloves
SInv    +            (no boots)
Will    .....        (amulet unavailable) Stlth
                     (ring unavailable)
HPRegen 0.29/turn    (ring unavailable)
MPRegen 0.10/turn    (no gizmo)

%: no passive effects
@: corroded, revved
A: off-hand wielding, slow wielding, warmup strikes, no jewellery
a: Invent Gizmo


You were on level 5 of the Dungeon.
You visited 1 branch of the dungeon, and saw 5 of its levels.

You collected 374 gold pieces.

Inventory:

Hand Weapons
 k - a +1 dagger of venom (weapon) {Inés}
 p - the +5 whip "Qeliu" (offhand) {elec, ^Fragile rElec rF+ SInv}
   (You found it on level 2 of the Dungeon)

   rF+:       It protects you from fire.
   rElec:     It insulates you from electricity.
   SInv:      It lets you see invisible.
   ^Fragile:  It will be destroyed if unequipped.
 q - a +1 short sword of freezing
Armour
 b - a +0 leather armour
 o - a +0 scale mail (worn)
 v - a +0 cloak (worn)
 B - a +0 pair of gloves (worn)
 D - a +0 ring mail of fire resistance
Wands
 c - a wand of flame (42) (quivered)
 d - a wand of charming (15)
 e - a wand of iceblast (5)
Scrolls
 g - a scroll of enchant weapon {unknown}
 h - a scroll of vulnerability {unknown}
 i - a scroll of blinking {unknown}
 l - a scroll of fear
 m - a scroll of summoning {unknown}
 n - a scroll of enchant armour {unknown}
 s - 3 scrolls of poison
 t - a scroll of noise {unknown}
 x - 3 scrolls of teleportation
 y - 2 scrolls of amnesia {unknown}
Potions
 r - a potion of brilliance {unknown}
 u - a potion of cancellation {unknown}
 w - a potion of attraction {unknown}
 z - a potion of mutation {unknown}
 A - 3 potions of curing {unknown}
 C - 2 potions of enlightenment {unknown}


   Skills:
 + Level 4.1 Fighting
 - Level 4.2 Short Blades
 + Level 3.1 Armour
 + Level 2.5 Dodging
 - Level 1.0 Stealth
 - Level 4.0 Evocations


You had 6 spell levels left.
You didn't know any spells.
Your spell library contained the following spells:

 Spells                   Type           Power      Damage    Failure   Level
 Magic Dart               Conj           0%         1d3       88%         1
 Blink                    Tloc           0%         N/A       96%         2
 Call Imp                 Summ           0%         N/A       96%         2
 Mercury Vapours          Alch/Air       0%         N/A       96%         2
 Mephitic Cloud           Conj/Alch/Air  0%         N/A       99%         3
 Freezing Cloud           Conj/Ice/Air   0%         6-21      100%        5


Dungeon Overview and Level Annotations

Branches:
Dungeon (5/15)
 Temple: D:4-7

Altars:

Annotations:
D:4 3 runed translucent doors, TheSexyCheese's ghost, amateur OpAl; osoart's ghost, amateur DESu


Innate Abilities, Weirdness & Mutations

You can wield a second weapon in your off-hand.
It takes a long time for you to wield or remove held weapons.
Your first few attacks do less damage.
You cannot equip rings or amulets.


Message History

You hit the jelly but do no damage.
Your graspers burn!
The jelly is almost dead.
You hit the jelly but do no damage.
Your graspers burn!
The jelly closely misses you. The phantom hits you.
The phantom blinks!
You blink.
The phantom misses you.
You hit the jelly with the +5 whip "Qeliu".
You kill the jelly!
The phantom hits you!
You barely miss the phantom with the +5 whip "Qeliu".
You hit the phantom but do no damage. The phantom barely misses you.
You closely miss the phantom with the +5 whip "Qeliu".
You hit the phantom but do no damage. The phantom hits you.
* * * LOW HITPOINT WARNING * * *
You hit the phantom with the +5 whip "Qeliu".
The phantom is lightly damaged.
You hit the phantom but do no damage. The phantom hits you.
* * * LOW HITPOINT WARNING * * *
You hit the phantom with the +5 whip "Qeliu".
Lightning courses through the phantom!
The phantom is heavily damaged.
You hit the phantom but do no damage. The phantom hits you.
* * * LOW HITPOINT WARNING * * *
The phantom blinks!
You blink.
You barely miss the phantom with your +1 dagger of venom.
The phantom is heavily damaged.
You closely miss the phantom with the +5 whip "Qeliu".
The phantom barely misses you.
You hit the phantom but do no damage.
The phantom is heavily damaged.
You hit the phantom with the +5 whip "Qeliu".
The phantom hits you but does no damage.
You barely miss the phantom with the +5 whip "Qeliu".
The phantom is heavily damaged.
You hit the phantom but do no damage. The phantom hits you.
* * * LOW HITPOINT WARNING * * *
You hit the phantom but do no damage.
The phantom is heavily damaged.
You hit the phantom but do no damage. The phantom hits you.
You die...

#.......# #........#........
#.......# #........# ..
###.......#### #.####.### .#
.####'#......###.####.####.##+##
......#......#..................
......#......#..................
......#......#..................
.####'#......#######+###.####.###
.#......#######.@###..##.####+#..
.#......#.......W.#.......'...#..
.#......'.........#.......#...#..
.'......#..>......#.......#...#..
.#......#.........#.......#...#..
.#......#.........#.......#...#..
##.....)##'####...#########..##..
..#####......##+###......##'##...
..# #......# #......'...'...


You could see a phantom.

Vanquished Creatures
  Edmund (D:5)
  A phantom (D:4)
  A scorpion (D:5)
  A bombardier beetle (D:5)
  A jelly (D:5)
  A sleepcap (D:5)
  Terence (D:2)
  An iguana (D:5)
  Natasha (thrice) (D:2)
  6 adders
  2 ufetubi (D:5)
  A dart slug (D:4)
  A ribbon worm (D:3)
  2 orcs
  3 ball pythons
  2 bats (D:2)
  5 endoplasms
  2 giant cockroaches
  6 goblins
  5 hobgoblins
  4 jackals (D:4)
  5 kobolds
  2 quokkas (D:5)
  4 frilled lizards
  2 rats (D:3)
63 creatures vanquished.

Notes
Turn   | Place    | Note
-------+----------+-------------------------------------------
     0 | D:1      | Aldia the Coglin Artificer began the quest for the Orb.
     0 | D:1      | Reached XP level 1. HP: 15/15 MP: 1/1
    93 | D:1      | Reached skill level 1 in Dodging
   118 | D:1      | Reached skill level 1 in Stealth
   334 | D:1      | You fall into a shaft and drop 1 floor!
   392 | D:2      | Reached XP level 2. HP: 13/22 MP: 2/2
   462 | D:2      | Noticed Natasha
   469 | D:2      | Killed Natasha
   470 | D:2      | Reached XP level 3. HP: 10/29 MP: 3/3
   705 | D:2      | Noticed Terence
   714 | D:2      | Killed Terence
   715 | D:2      | Reached skill level 1 in Short Blades
   715 | D:2      | Reached XP level 4. HP: 11/35 MP: 4/4
   989 | D:2      | Identified the +5 whip "Qeliu" {elec, ^Fragile rElec rF+
                  | SInv}
  1121 | D:2      | Noticed Natasha
  1125 | D:2      | Killed Natasha
  1190 | D:2      | Noticed Natasha
  1196 | D:2      | Killed Natasha
  1197 | D:2      | Reached XP level 5. HP: 40/41 MP: 5/5
  1924 | D:3      | Found a faded altar of an unknown god.
  2602 | D:4      | Noticed a phantom
  2609 | D:4      | Killed a phantom
  2610 | D:4      | Reached XP level 6. HP: 42/47 MP: 6/6
  2812 | D:4      | Found a runed translucent gate.
  2812 | D:4      | Found a runed translucent gate.
  2814 | D:4      | Found a runed translucent gate.
  2816 | D:4      | Noticed osoart's ghost (amateur DESu)
  2816 | D:4      | Noticed TheSexyCheese's ghost (amateur OpAl)
  3517 | D:5      | Entered Level 5 of the Dungeon
  3631 | D:5      | Noticed Edmund
  3648 | D:5      | Killed Edmund
  3724 | D:5      | Reached XP level 7. HP: 47/53 MP: 7/7
  4168 | D:5      | HP: 2/54 [phantom (5)]
  4169 | D:5      | Slain by a phantom

Illustrated notes

Levels and vault maps discovered:
D:1:      dpeg_arrival_rooms_b, layout_basic
D:2:      layout_basic, kennysheep_generic_room_16, uniq_terence, uniq_natasha
D:3:      layout_loops_ring, dreamdust_ecumenical_altar_statues
D:4:      layout_basic, gammafunk_ghost_cemetery, serial_corexii_hall,
          corexii_hall_statues_l, corexii_hall_statues_l,
          corexii_hall_statues_l, corexii_hall_statues_l
D:5:      layout_gridville, vehumet_statue, minmay_tree_intersection,
          grunt_decor_junction, uniq_edmund

Skill      XL: |  1  2  3  4  5  6  7 |
---------------+----------------------+-----
Dodging        | 1 2 |  2.5
Stealth        | 1 |  1.0
Armour         | 2 3 |  3.1
Fighting       | 2 3 4 |  4.1
Short Blades   | 1 3 4 |  4.2
Evocations     | |  4.0

Action                     |  1- 3 |  4- 6 |  7- 9 || total
---------------------------+-------+-------+-------++-------
  Melee: Dagger            |    59 |    70 |    33 ||   162
         Club              |     4 |       |       ||     4
         Whip              |       |    64 |    35 ||    99
  Evoke: Wand              |       |     1 |       ||     1
    Use: Scroll            |       |     3 |       ||     3
   Stab: Sleeping          |     2 |       |       ||     2
 Armour: Leather armour    |    24 |     1 |       ||    25
         Scale mail        |       |    52 |    32 ||    84
  Dodge: Dodged            |    14 |    29 |    23 ||    66

Table legend: (Time is in decaauts)
 A = Elapsed time spent in this place.
 B = Non-inter-level travel time spent in this place.
 C = Inter-level travel time spent in this place.
 D = Time resting spent in this place.
 E = Time spent auto-exploring this place.
 F = Levels seen in this place.
 G = Mean time per level.
                   A        B        C        D        E       F      G
               +--------+--------+--------+--------+--------+-----+--------+
         Total |   4172 |   3990 |    182 |    275 |   3152 |   5 |  834.4 |
       Dungeon |   4172 |   3990 |    182 |    275 |   3152 |   5 |  834.4 |
               +--------+--------+--------+--------+--------+-----+--------+

Top non-repeatable levels by time:
     D:2: 1220 daAuts
     D:4: 958 daAuts
     D:3: 769 daAuts
     D:5: 614 daAuts
     D:1: 608 daAuts
